TOP OF THE 1ST |
Jersey Shore D-Bags batting - Pitching for Nashville G-Strings : LHP Kip Manning
|
Pitching: LHP Kip Manning
|
|
Batting: RHB Ricardo González
|
0-0: Ball 1-0: Swinging Strike 1-1: Foul Ball, location: 2F 1-2: Strikes out looking
|
Batting: RHB Francisco Sandoval
|
0-0: Called Strike 0-1: Ball 1-1: Foul Ball, location: 2F 1-2: Foul Ball, location: 2F 1-2: Ground out 4-3 (Groundball, 34)
|
Batting: LHB Dave Dodd
|
0-0: Foul Ball, location: 2F 0-1: Called Strike 0-2: Ball 1-2: Ball 2-2: Ball 3-2: Base on Balls
|
Batting: RHB Ben Morton
|
Pickoff Throw to First - Out!
|
Top of the 1st over - 0 runs, 0 hits, 0 errors, 0 left on base; Jersey Shore 0 - Nashville 0 |
BOTTOM OF THE 1ST |
Nashville G-Strings batting - Pitching for Jersey Shore D-Bags : RHP John Jones
|
Pitching: RHP John Jones
|
|
Batting: RHB Eric Thompson
|
0-0: Ball 1-0: Called Strike 1-1: SINGLE (Line Drive, 6MD)
|
Batting: SHB Ricardo Arévalo
|
0-0: Called Strike 0-1: DOUBLE (Flyball, 8RXD) Eric Thompson to third
|
Batting: RHB Sergio Márquez
|
0-0: Ball 1-0: Foul Ball, location: 2F 1-1: Foul Ball, location: 2F 1-2: Ball 2-2: Ball 3-2: Base on Balls
|
Batting: SHB Rob Grun
|
0-0: Ball 1-0: Called Strike 1-1: Ball 2-1: Called Strike 2-2: Fly out, F9 (Flyball, 9D) Runner from 3rd tags up, SCORES, no throw
|
Batting: LHB Bob Cunningham
|
0-0: Ball 1-0: Ball 2-0: Ball 3-0: Base on Balls Ricardo Arévalo to third Sergio Márquez to second
|
Batting: RHB Wilfred Martin
|
0-0: Foul Ball, location: 2F 0-1: Ball 1-1: Foul Ball, location: 2F 1-2: Foul Ball, location: 2F 1-2: SINGLE (Groundball, 34D) Ricardo Arévalo scores Sergio Márquez to third Bob Cunningham to second Runner from 3rd tries for Home, SAFE, throw made home
|
Batting: RHB Jesús Cabrera
|
0-0: Foul Ball, location: 2F 0-1: Ball 1-1: Fly out, F7 (Line Drive, 7LM)
|
Batting: LHB Miguel Rivería
|
0-0: Called Strike 0-1: Ball 1-1: Ball 2-1: Ball 3-1: Foul Ball, location: 2F 3-2: Ground out U3 (Groundball, 3L)
|
Bottom of the 1st over - 3 runs, 3 hits, 0 errors, 2 left on base; Jersey Shore 0 - Nashville 3 |
TOP OF THE 2ND |
Jersey Shore D-Bags batting - Pitching for Nashville G-Strings : LHP Kip Manning
|
Batting: RHB Ben Morton
|
0-0: Foul Ball, location: 2F 0-1: Ball 1-1: Called Strike 1-2: Fly out, F8 (Flyball, 89D)
|
Batting: LHB António Cedeño
|
0-0: DOUBLE (Line Drive, 9LM)
|
Batting: RHB Mike Ingram
|
0-0: Ball 1-0: Ground out 4-3 (Groundball, 4) António Cedeño to third
|
Batting: LHB José Delgado
|
0-0: Ball 1-0: Called Strike 1-1: Ball 2-1: Ground out U3 (Groundball, 3)
|
Top of the 2nd over - 0 runs, 1 hit, 0 errors, 1 left on base; Jersey Shore 0 - Nashville 3 |
BOTTOM OF THE 2ND |
Nashville G-Strings batting - Pitching for Jersey Shore D-Bags : RHP John Jones
|
Batting: LHB Richard Olvera
|
0-0: Ball 1-0: Ball 2-0: Ball 3-0: Called Strike 3-1: Ground out 1-3 (Groundball, 13)
|
Batting: RHB Eric Thompson
|
0-0: Ball 1-0: Ball 2-0: Foul Ball, location: 2F 2-1: Foul Ball, location: 2F 2-2: Ball 3-2: Foul Ball, location: 2F 3-2: Foul Ball, location: 2F 3-2: Foul Ball, location: 2F 3-2: DOUBLE (Line Drive, 7D)
|
Batting: SHB Ricardo Arévalo
|
0-0: Ball 1-0: Foul Ball, location: 2F 1-1: Fly out, F5 (Popup, 56S)
|
Batting: RHB Sergio Márquez
|
0-0: Ball 1-0: SINGLE (Groundball, 6MD) Eric Thompson to third Runner from 3rd tries for Home, SAFE, no throw
|
Batting: SHB Rob Grun
|
0-0: Ball 1-0: Foul Ball, location: 2F 1-1: Swinging Strike 1-2: Foul Ball, location: 2F 1-2: Ball 2-2: Ball 3-2: Foul Ball, location: 2F 3-2: Ground out 3-1 (Groundball, 34S)
|
Bottom of the 2nd over - 1 run, 2 hits, 0 errors, 1 left on base; Jersey Shore 0 - Nashville 4 |
TOP OF THE 3RD |
Jersey Shore D-Bags batting - Pitching for Nashville G-Strings : LHP Kip Manning
|
Batting: RHB José Pinto
|
0-0: Swinging Strike 0-1: Swinging Strike 0-2: Foul Ball, location: 2F 0-2: Strikes out swinging, 2-3 out at first.
|
Batting: RHB Tyler Wagner
|
0-0: Ball 1-0: Foul Ball, location: 2F 1-1: Called Strike 1-2: Ball 2-2: Foul Ball, location: 2F 2-2: Ball 3-2: Foul Ball, location: 2F 3-2: Ground out 5-3 (Groundball, 56)
|
Batting: RHB Ricardo González
|
0-0: Called Strike 0-1: Foul Ball, location: 2F 0-2: Ball 1-2: Foul Ball, location: 2F 1-2: Foul Ball, location: 2F 1-2: Ground out 5-3 (Groundball, 56)
|
Top of the 3rd over - 0 runs, 0 hits, 0 errors, 0 left on base; Jersey Shore 0 - Nashville 4 |
BOTTOM OF THE 3RD |
Nashville G-Strings batting - Pitching for Jersey Shore D-Bags : RHP John Jones
|
Batting: LHB Bob Cunningham
|
0-0: Ball 1-0: Foul Ball, location: 2F 1-1: Foul Ball, location: 2F 1-2: Strikes out swinging
|
Batting: RHB Wilfred Martin
|
0-0: Ball 1-0: Ball 2-0: Foul Ball, location: 2F 2-1: SINGLE (Line Drive, 34D)
|
Batting: RHB Jesús Cabrera
|
0-0: Ball 1-0: Ball 2-0: Ball 3-0: Base on Balls Wilfred Martin to second
|
Batting: LHB Miguel Rivería
|
0-0: Called Strike 0-1: Fielders Choice at 2nd, 3-6 (Groundball, 34) Wilfred Martin to third
|
Batting: LHB Richard Olvera
|
0-0: Ball 1-0: Swinging Strike 1-1: Called Strike 1-2: Ball 2-2: Foul Ball, location: 2F 2-2: Ball 3-2: Foul Ball, location: 2F 3-2: Fly out, F9 (Flyball, 9S)
|
Bottom of the 3rd over - 0 runs, 1 hit, 0 errors, 2 left on base; Jersey Shore 0 - Nashville 4 |
TOP OF THE 4TH |
Jersey Shore D-Bags batting - Pitching for Nashville G-Strings : LHP Kip Manning
|
Batting: RHB Francisco Sandoval
|
0-0: Ball 1-0: Ball 2-0: Ball 3-0: Called Strike 3-1: Foul Ball, location: 2F 3-2: Base on Balls
|
Batting: LHB Dave Dodd
|
0-0: Fly out, F4 (Popup, 4)
|
Batting: RHB Ben Morton
|
0-0: Foul Ball, location: 2F 0-1: Foul Ball, location: 2F 0-2: Foul Ball, location: 2F 0-2: Strikes out swinging
|
Batting: LHB António Cedeño
|
0-0: Foul Ball, location: 2F 0-1: Foul Ball, location: 2F 0-2: Ball 1-2: Foul Ball, location: 2F 1-2: Strikes out looking
|
Top of the 4th over - 0 runs, 0 hits, 0 errors, 1 left on base; Jersey Shore 0 - Nashville 4 |
BOTTOM OF THE 4TH |
Nashville G-Strings batting - Pitching for Jersey Shore D-Bags : RHP John Jones
|
Batting: RHB Eric Thompson
|
0-0: Ball 1-0: Ball 2-0: Ball 3-0: Called Strike 3-1: Foul Ball, location: 2F 3-2: Fly out, F2 (Popup, 2R)
|
Batting: SHB Ricardo Arévalo
|
0-0: Swinging Strike 0-1: Foul Ball, location: 2F 0-2: Ball 1-2: SOLO HOME RUN (Flyball, 9D), Distance : 406 ft
|
Batting: RHB Sergio Márquez
|
0-0: Foul Ball, location: 2F 0-1: Ball 1-1: Reached via error on a dropped throw, E3
|
Batting: SHB Rob Grun
|
0-0: Called Strike 0-1: Swinging Strike 0-2: Strikes out swinging
|
Batting: LHB Bob Cunningham
|
0-0: Ball 1-0: Called Strike 1-1: Ball 2-1: Ball 3-1: Swinging Strike 3-2: Base on Balls Sergio Márquez to second
|
Batting: RHB Wilfred Martin
|
0-0: Fly out, F8 (Flyball, 8RXD)
|
Bottom of the 4th over - 1 run, 1 hit, 1 error, 2 left on base; Jersey Shore 0 - Nashville 5 |
TOP OF THE 5TH |
Jersey Shore D-Bags batting - Pitching for Nashville G-Strings : LHP Kip Manning
|
Batting: RHB Mike Ingram
|
0-0: Ball 1-0: Foul Ball, location: 2F 1-1: Ball 2-1: Called Strike 2-2: Ball 3-2: Strikes out looking
|
Batting: LHB José Delgado
|
0-0: Ball 1-0: Called Strike 1-1: Ball 2-1: Ball 3-1: Ground out 4-3 (Groundball, 4)
|
Batting: RHB José Pinto
|
0-0: Called Strike 0-1: Ball 1-1: Fly out, F7 (Flyball, 7)
|
Top of the 5th over - 0 runs, 0 hits, 0 errors, 0 left on base; Jersey Shore 0 - Nashville 5 |
BOTTOM OF THE 5TH |
Nashville G-Strings batting - Pitching for Jersey Shore D-Bags : RHP John Jones
|
Pitching: LHP José Acevedo
|
|
Batting: RHB Jesús Cabrera
|
0-0: Called Strike 0-1: Fly out, F7 (Flyball, 78M)
|
Batting: LHB Miguel Rivería
|
0-0: Ball 1-0: SINGLE (Flyball, 9S)
|
Batting: LHB Richard Olvera
|
0-0: Ball 1-0: Swinging Strike 1-1: Foul Ball, location: 2F 1-2: Ball 2-2: Fly out, F5 (Popup, 56S)
|
Batting: RHB Eric Thompson
|
0-0: Ball 1-0: Swinging Strike 1-1: Ball 2-1: Ball 3-1: Fielders Choice at 2nd, 6-4 (Groundball, 6)
|
Bottom of the 5th over - 0 runs, 1 hit, 0 errors, 1 left on base; Jersey Shore 0 - Nashville 5 |
TOP OF THE 6TH |
Jersey Shore D-Bags batting - Pitching for Nashville G-Strings : LHP Kip Manning
|
Batting: RHB Tyler Wagner
|
0-0: DOUBLE (Line Drive, 3D)
|
Batting: RHB Ricardo González
|
0-0: Ball 1-0: Foul Ball, location: 2F 1-1: Ground out 4-3 (Groundball, 34) Tyler Wagner to third
|
Batting: RHB Francisco Sandoval
|
0-0: Ball 1-0: Ball 2-0: Called Strike 2-1: Foul Ball, location: 2F 2-2: Foul Ball, location: 2F 2-2: Ball 3-2: Ground out 4-3 (Groundball, 34) Tyler Wagner scores
|
Batting: LHB Dave Dodd
|
0-0: Ball 1-0: Ball 2-0: Foul Ball, location: 2F 2-1: Ball 3-1: Called Strike 3-2: Fly out, F7 (Flyball, 7LM)
|
Top of the 6th over - 1 run, 1 hit, 0 errors, 0 left on base; Jersey Shore 1 - Nashville 5 |
BOTTOM OF THE 6TH |
Nashville G-Strings batting - Pitching for Jersey Shore D-Bags : LHP José Acevedo
|
Batting: SHB Ricardo Arévalo
|
0-0: Ball 1-0: SOLO HOME RUN (Flyball, 78XD), Distance : 404 ft
|
Batting: RHB Sergio Márquez
|
0-0: Called Strike 0-1: Ground out 5-3 (Groundball, 56)
|
Batting: SHB Rob Grun
|
0-0: Called Strike 0-1: Foul Ball, location: 2F 0-2: Ball 1-2: Strikes out swinging
|
Batting: LHB Bob Cunningham
|
0-0: Ball 1-0: Called Strike 1-1: Called Strike 1-2: Foul Ball, location: 2F 1-2: Ball 2-2: Ball 3-2: Base on Balls
|
Batting: RHB Wilfred Martin
|
0-0: Ball 1-0: Foul Ball, location: 2F 1-1: Ball 2-1: 2-RUN HOME RUN (Flyball, 7LD), Distance : 381 ft
|
Batting: RHB Jesús Cabrera
|
0-0: Called Strike 0-1: Called Strike 0-2: Ball 1-2: Ball 2-2: Ground out 6-3 (Groundball, 6M)
|
Bottom of the 6th over - 3 runs, 2 hits, 0 errors, 0 left on base; Jersey Shore 1 - Nashville 8 |
TOP OF THE 7TH |
Jersey Shore D-Bags batting - Pitching for Nashville G-Strings : LHP Kip Manning
|
Batting: RHB Ben Morton
|
0-0: Called Strike 0-1: DOUBLE (Line Drive, 8LD)
|
Batting: LHB António Cedeño
|
0-0: Ball 1-0: Ball 2-0: Foul Ball, location: 2F 2-1: Called Strike 2-2: Foul Ball, location: 2F 2-2: Ball 3-2: SINGLE (Line Drive, 8RS) Ben Morton to third
|
Batting: RHB Mike Ingram
|
0-0: Ball 1-0: Called Strike 1-1: Grounds into double play, 6-4-3 (Groundball, 6) Ben Morton scores
|
Batting: LHB José Delgado
|
0-0: SINGLE (Groundball, 34D)
|
Pitching: RHP Noriyuki Matsui
|
|
Batting: RHB José Pinto
|
0-0: Ground out 3-1 (Groundball, 34S)
|
Top of the 7th over - 1 run, 3 hits, 0 errors, 1 left on base; Jersey Shore 2 - Nashville 8 |
BOTTOM OF THE 7TH |
Nashville G-Strings batting - Pitching for Jersey Shore D-Bags : LHP José Acevedo
|
Batting: LHB Miguel Rivería
|
0-0: Ball 1-0: Swinging Strike 1-1: Called Strike 1-2: Strikes out looking
|
Batting: LHB Richard Olvera
|
0-0: Ball 1-0: Ball 2-0: Swinging Strike 2-1: Foul Ball, location: 2F 2-2: Strikes out swinging
|
Batting: RHB Eric Thompson
|
0-0: Swinging Strike 0-1: Foul Ball, location: 2F 0-2: Strikes out looking
|
Bottom of the 7th over - 0 runs, 0 hits, 0 errors, 0 left on base; Jersey Shore 2 - Nashville 8 |
TOP OF THE 8TH |
Jersey Shore D-Bags batting - Pitching for Nashville G-Strings : RHP Noriyuki Matsui
|
Batting: RHB Tyler Wagner
|
0-0: Fly out, F8 (Flyball, 8RS)
|
Batting: RHB Ricardo González
|
0-0: Called Strike 0-1: Foul Ball, location: 2F 0-2: Strikes out swinging
|
Batting: RHB Francisco Sandoval
|
0-0: Foul Ball, location: 2F 0-1: Ground out 6-3 (Groundball, 6S)
|
Top of the 8th over - 0 runs, 0 hits, 0 errors, 0 left on base; Jersey Shore 2 - Nashville 8 |
BOTTOM OF THE 8TH |
Nashville G-Strings batting - Pitching for Jersey Shore D-Bags : LHP José Acevedo
|
Batting: SHB Ricardo Arévalo
|
0-0: Called Strike 0-1: Ball 1-1: Ball 2-1: Swinging Strike 2-2: Ball 3-2: Base on Balls
|
Batting: RHB Sergio Márquez
|
0-0: Ball 1-0: Ball 2-0: Ball 3-0: Base on Balls Ricardo Arévalo to second
|
Pitching: RHP Andrés Rivera
|
|
Batting: SHB Rob Grun
|
0-0: Swinging Strike 0-1: Foul Ball, location: 2F 0-2: Ball 1-2: Grounds into double play, 6-4-3 (Groundball, 56) Ricardo Arévalo to third
|
Batting: LHB Bob Cunningham
|
0-0: Ball 1-0: Foul Ball, location: 2F 1-1: Swinging Strike 1-2: Foul Ball, location: 2F 1-2: Ball 2-2: Ball 3-2: Fly out, F7 (Flyball, 7D)
|
Bottom of the 8th over - 0 runs, 0 hits, 0 errors, 1 left on base; Jersey Shore 2 - Nashville 8 |
TOP OF THE 9TH |
Jersey Shore D-Bags batting - Pitching for Nashville G-Strings : RHP Noriyuki Matsui
|
Now at SS: Jorge Flores
|
|
Batting: LHB Dave Dodd
|
0-0: Ball 1-0: Swinging Strike 1-1: Ball 2-1: Foul Ball, location: 2F 2-2: Fly out, F8 (Flyball, 8LS)
|
Batting: RHB Ben Morton
|
0-0: Called Strike 0-1: Called Strike 0-2: SINGLE (Groundball, 6) (infield hit)
|
Batting: LHB António Cedeño
|
0-0: Called Strike 0-1: Fly out, F8 (Flyball, 8LD)
|
Batting: RHB Mike Ingram
|
0-0: Ball 1-0: Called Strike 1-1: Fly out, F7 (Flyball, 78S)
|
Top of the 9th over - 0 runs, 1 hit, 0 errors, 1 left on base; Jersey Shore 2 - Nashville 8 |
|